 Dungeon Crawl Stone Soup version 0.19-a0-1821-g42c593c (webtiles) character file.

111763 kae the Fencer (level 17, -2/140 HPs)
             Began as a Formicid Fighter on Oct 6, 2016.
             Was the Champion of Okawaru.
             Killed from afar by a deep elf mage (16 damage)
             ... with a lance of force
             ... on level 1 of the Elven Halls.
             The game lasted 00:42:36 (29069 turns).

kae the Fencer (Formicid Fighter)                  Turns: 29069, Time: 00:42:36

Health: -2/140     AC: 23    Str: 30    XL:     17   Next: 13%
Magic:  0/26       EV: 10    Int:  8    God:    Okawaru [******]
Gold:   1173       SH: 16    Dex: 17    Spells: 0 memorised, 16 levels left

rFire  . . .     SeeInvis +     M - +5 great sword (freeze)
rCold  . . .     Gourm    .     y - +1 plate armour of the Shining Light {rPois Int+2 Dex+4}
rNeg   . . .     Faith    .     x - +1 shield {AC+3}
rPois  +         Spirit   +     (helmet unavailable)
rElec  .         Dismiss  .     r - +1 cloak
rCorr  +         Reflect  .     N - +0 pair of gloves {Dex+3}
MR     +....     Harm     .     O - +2 pair of boots {Fly}
Stlth  .......... Clarity  +    V - amulet of guardian spirit
                                w - +2 ring of strength
                                Z - ring of resist corrosion

@: flying, studying Shields, drained
A: permanent stasis, dig shafts and tunnels, four strong arms, antennae 3,
blurry vision 1, clarity, dopey 1
a: Dig, Shaft Self, Heroism, Finesse, Renounce Religion, Stop Flying


You were on level 1 of the Elven Halls.
You worshipped Okawaru.
Okawaru was exalted by your worship.
You were not hungry.

You visited 5 branches of the dungeon, and saw 25 of its levels.
You also visited: Labyrinth, Sewer, Ossuary and Ice Cave.

You collected 2169 gold pieces.
You spent 996 gold pieces at shops.

Inventory:

Hand Weapons
 a - a +2 great sword of draining
 b - a +3 scimitar of flaming
 M - a +5 great sword of freezing (weapon)
Armour
 r - a +1 cloak (worn)
 x - a +1 shield of protection (worn)
 y - the +1 plate armour of the Shining Light (worn) {rPois Int+2 Dex+4}
   (You bought it in a shop on level 2 of the Orcish Mines)

   It affects your intelligence (+2).
   It affects your dexterity (+4).
   It protects you from poison.
 N - a +0 pair of gloves of dexterity (worn)
 O - a +2 pair of boots of flying (worn)
 P - the +0 ring mail of Masochism {Slay+2}
   (You found it in a labyrinth)

   It affects your accuracy and damage with ranged weapons and melee attacks
   (+2).
Jewellery
 c - an uncursed amulet of regeneration
 w - a +2 ring of strength (right hand)
 R - an uncursed ring of protection from magic
 V - an amulet of guardian spirit (around neck)
 Z - a ring of resist corrosion (left hand)
Wands
 l - a wand of iceblast (11/15)
 t - a wand of iceblast (4/15)
 E - a wand of random effects (27/48)
 I - a wand of lightning (5/15)
 U - a wand of digging (9/24)
Scrolls
 d - 3 scrolls of fog
 e - 5 scrolls of enchant armour
 h - 6 scrolls of magic mapping
 k - a scroll of holy word
 m - 13 scrolls of remove curse
 p - a scroll of fear
 q - 4 scrolls of recharging
 s - a scroll of vulnerability
 u - a scroll of identify
 Q - a scroll of amnesia
 S - a scroll of acquirement
 T - a scroll of enchant weapon
Potions
 i - 6 potions of brilliance
 n - 12 potions of curing
 v - 2 potions of magic
 A - 3 potions of invisibility
 B - a potion of cure mutation
 C - 5 potions of cancellation
 F - 4 potions of heal wounds
 W - a potion of might
 X - a potion of resistance
Books
 g - a book of Geomancy

   Spells                             Type                      Level
   a - Sandblast                      Earth                        1
   b - Passwall                       Transmutation/Earth          2
   c - Stone Arrow                    Conjuration/Earth            3
   d - Petrify                        Transmutation/Earth          4
   e - Lee's Rapid Deconstruction     Earth                        5
 j - a manual of Shields
 H - a book of Annihilations

   Spells                             Type                      Level
   a - Poison Arrow                   Conjuration/Poison           6
   b - Chain Lightning                Conjuration/Air              8
   c - Lehudib's Crystal Spear        Conjuration/Earth            8
   d - Glaciate                       Conjuration/Ice              9
   e - Fire Storm                     Conjuration/Fire             9
 J - the Incunabulum of Confrontation
   (You found it in a labyrinth)

   Spells                             Type                      Level
   a - Magic Dart                     Conjuration                  1
   b - Mephitic Cloud                 Conjuration/Poison/Air       3
   c - Force Lance                    Conjuration/Translocation    4
   d - Bolt of Magma                  Conjuration/Fire/Earth       5
   e - Delayed Fireball               Conjuration/Fire             7
 L - the Papyrus of Summoning
   (You found it in a labyrinth)

   Spells                             Type                      Level
   a - Recall                         Summoning/Translocation      3
   b - Summon Mana Viper              Hexes/Summoning              5
   c - Summon Demon                   Summoning                    5
   d - Malign Gateway                 Summoning/Translocation      7
Comestibles
 f - 7 bread rations
 o - a slice of pizza
 z - 25 fruits
 D - 2 chunks of flesh
 G - 5 beef jerkies
 K - 9 meat rations
 Y - a royal jelly


   Skills:
 + Level 14.5(14.0) Fighting
 * Level 18.0(17.4) Long Blades
 + Level 6.7(6.3) Armour
 + Level 4.8(4.4) Dodging
 - Level 15.1(14.5) Shields
 + Level 13.2(12.7) Invocations


You had 16 spell levels left.
You didn't know any spells.

Dungeon Overview and Level Annotations

Branches:
Dungeon (15/15)            Temple (1/1) D:5            Lair (6/6) D:9
 Shoals (0/4) Lair:3        Snake (0/4) Lair:2        Slime (0/5) Lair:6
    Orc (2/2) D:9             Elf (1/3) Orc:2        Vaults (0/5) D:14
 Depths (0/5) D:15

Altars:
Ashenzari
Cheibriados
Dithmenos
Elyvilon
Fedhas
Gozag
Hepliaklqana
Kikubaaqudgha
Makhleb
Nemelex Xobeh
Okawaru
Qazlal
Ru
Sif Muna
Trog
Uskayaw
Vehumet
Xom
Yredelemnul
Zin
The Shining One
Beogh

Shops:
D:13 (([[%   Orc:2 :*[(

Portals:
Hell: Lair:6

Annotations:
D:7 exclusion: oklob plant
D:14 exclusion: 3 doors


Innate Abilities, Weirdness & Mutations

You are under a permanent stasis effect.
You can dig through walls and to a lower floor.
Your four strong arms can wield two-handed weapons with a shield.
You have a pair of large antennae on your head. (SInv)
Scrolls take you a little longer to read.
You possess an exceptional clarity of mind.
You are dopey. (Int -2)


Message History

The wind drake changes into an unseen horror!
The sixfirhy hits you but does no damage.
You block the sixfirhy's attack. The sixfirhy hits you!
* * * LOW HITPOINT WARNING * * *
The sixfirhy shocks you!
* * * LOW HITPOINT WARNING * * *
The red devil hops backward while attacking.
The red devil hits you from afar with a trident.
* * * LOW HITPOINT WARNING * * *
Really read with blurry vision while enemies are nearby?
Okay, then.
Unknown command.
Unknown command.
Really read with blurry vision while enemies are nearby?
The deep elf mage gestures at you while chanting.
The bolt of lightning hits you!
* * * LOW HITPOINT WARNING * * *
The deep elf mage casts a spell at you. The lance of force hits you!
You die...

. ..# ... #.. ##
{#4.#########.####
###.ex............#
......ee...........
......e).3......#
...##.4.@#1.....# .
#...e*.#.)...# # #
#.......###)))# #.#.
#.......# #.)## ##.#..
#......... #(.# ###.....
#.........###.###.#.....
.......#### #(##)##.....
....### ##.###.#.....
... #..(.......#


You could see a deep elf death mage, a deep elf demonologist, 3 deep elf magi, a
sixfirhy, an unseen horror shaped shifter (invisible), a chaos spawn, a red
devil and a battlesphere.

Vanquished Creatures
  Saint Roka (Orc:2)
  Frances (D:13)
  Kirke (D:13)
  Louise (D:14)
  An orc warlord (Orc:2)
  Azrael (D:12)
  A dire elephant (Lair:6)
  A minotaur (Lab)
  A fire dragon (Lair:3)
  Fannar (D:11)
  Erolcha (D:10)
  2 vault guards (D:14)
  8 hydras
  A hell beast (Lair:6)
  Erica (D:8)
  A centaur warrior (D:12)
  2 catoblepae
  A tengu warrior (D:15)
  Urug (D:11)
  4 orc high priests
  A dancing weapon (Elf:1)
  Nergalle (Lair:2)
  2 deep elf knights (Elf:1)
  4 skeletal warriors (D:15)
  5 unseen horrors
  6 orc knights
  5 wizards
  3 hill giants
  2 deep elf archers (Elf:1)
  2 necromancers
  An ugly thing (D:11)
  9 deep elf magi
  2 wolf spider zombies
  7 orc sorcerers
  4 cyclopes
  A siren (Lair:3)
  A manticore (D:13)
  A guardian serpent (Lair:2)
  Joseph (D:10)
  2 naga magi (D:15)
  10 elephants
  Psyche (D:10)
  4 black mambas
  Maurice (D:8)
  2 orange demons (Lair:6)
  15 spiny frogs
  5 centaur skeletons
  An ice statue (IceCv)
  A torpor snail (Lair:6)
  3 gargoyles
  4 rime drakes
  A redback zombie (D:15)
  An efreet (D:15)
  2 kobold demonologists (D:13)
  10 freezing wraiths (IceCv)
  12 komodo dragons
  3 red devils (Lair:6)
  3 ice devils (Lair:6)
  A hellwing (Lair:6)
  3 trolls
  A tengu conjurer (D:15)
  A merfolk (Lair:3)
  2 polar bears
  2 wolf spider simulacra
  13 blink frogs
  Grinder (D:5)
  A hornet (D:8)
  8 slime creatures
  7 hippogriffs
  3 two-headed ogres
  A harpy skeleton (D:15)
  6 dream sheep (Lair:4)
  A vampire (D:11)
  An air elemental (Elf:1)
  A water elemental (Elf:1)
  20 yaks
  5 wyverns
  20 humans (D:14)
  2 hungry ghosts
  3 vampire mosquitoes (D:13)
  5 basilisks
  A steam dragon (D:11)
  3 fire elementals (D:12)
  A death yak simulacrum (IceCv)
  Grum (D:8)
  5 wargs
  A mottled dragon (D:11)
  Duvessa (D:6)
  16 water moccasins
  6 hell hounds
  7 porcupines
  Purgy (Sewer)
  2 alligator simulacra (IceCv)
  32 orc warriors
  7 ogres
  2 sky beasts
  6 phantoms
  A black bear (D:8)
  10 ice beasts
  2 necrophages
  7 wolves
  8 centaurs
  11 crocodiles
  5 big kobolds
  16 bullfrogs
  A gnoll sergeant (D:10)
  A wyvern zombie (D:11)
  Dowan (D:6)
  4 scorpions
  A water moccasin skeleton (D:10)
  16 killer bees
  4 wights (D:12)
  3 howler monkeys
  2 bullfrog zombies (D:11)
  7 crimson imps
  6 centaur zombies
  5 draconian simulacra (IceCv)
  2 quasits
  3 hounds
  A human zombie (Ossuary)
  8 jellies
  35 orc priests
  2 bullfrog skeletons
  8 worker ants
  An iguana (D:11)
  27 orc wizards
  2 spriggan simulacra (IceCv)
  5 troll simulacra (IceCv)
  A killer bee zombie (D:10)
  A big kobold zombie (Ossuary)
  3 centaur simulacra
  3 hound zombies
  3 hound skeletons (D:4)
  2 mummies (Ossuary)
  A worker ant zombie (D:5)
  A howler monkey skeleton (D:7)
  6 gnolls
  3 ogre simulacra (IceCv)
  A river rat (D:6)
  11 adders
  3 naga simulacra (IceCv)
  6 shadow imps
  13 white imps
  19 oozes
  An adder skeleton (D:5)
  3 adder zombies
  2 worms (D:3)
  2 dart slugs
  6 leopard geckos
  93 orcs
  3 giant cockroaches
  11 goblins
  8 hobgoblins
  13 jackals
  4 quokkas
  4 bats
  3 frilled lizards
  A goblin zombie (Ossuary)
  9 hobgoblin zombies (Ossuary)
  2 jackal zombies
  35 kobolds
  6 kobold zombies (Ossuary)
  11 orc zombies
  A quokka zombie (D:5)
  5 rats
  A rat zombie (Ossuary)
  A bush (D:14)
  2 plants
880 creatures vanquished.

Vanquished Creatures (others)
  4 humans (D:13)
  18 fungi
  6 plants
28 creatures vanquished.

Grand Total: 908 creatures vanquished

Notes
Turn   | Place    | Note
-------+----------+-------------------------------------------
     0 | D:1      | kae the Formicid Fighter began the quest for the Orb.
     0 | D:1      | Reached XP level 1. HP: 18/18 MP: 1/1
   166 | D:1      | Reached XP level 2. HP: 24/24 MP: 2/2
   575 | D:2      | Reached XP level 3. HP: 29/29 MP: 3/3
   875 | D:2      | Reached skill level 3 in Long Blades
   909 | D:2      | Reached XP level 4. HP: 7/36 MP: 4/4
   910 | D:2      | Gained mutation: You are dopey. (Int -2) [potion of mutation]
   910 | D:2      | Gained mutation: Scrolls take you a little longer to read. [potion of mutation]
   910 | D:2      | Gained mutation: You possess an exceptional clarity of mind. [potion of mutation]
  1705 | D:3      | Found a radiant altar of Vehumet.
  1959 | D:3      | Reached XP level 5. HP: 31/42 MP: 5/5
  2544 | D:4      | Found a sand-covered staircase.
  2571 | Ossuary  | Entered an ossuary
  2619 | Ossuary  | Reached skill level 5 in Shields
  2718 | Ossuary  | Reached skill level 4 in Long Blades
  2727 | Ossuary  | Reached XP level 6. HP: 45/49 MP: 6/6
  3285 | D:4      | Reached skill level 5 in Long Blades
  3285 | D:4      | Reached XP level 7. HP: 47/55 MP: 7/7
  3613 | D:4      | Reached skill level 5 in Fighting
  3804 | D:4      | HP: 1/56 [ogre/giant spiked club (7)]
  3807 | D:4      | Reached skill level 6 in Long Blades
  4492 | D:5      | Entered Level 5 of the Dungeon
  4501 | D:5      | Reached XP level 8. HP: 52/63 MP: 8/8
  4866 | D:5      | Reached skill level 7 in Long Blades
  5109 | D:5      | Found a staircase to the Ecumenical Temple.
  5111 | D:5      | Noticed Grinder
  5121 | D:5      | Killed Grinder
  5129 | Temple   | Entered the Ecumenical Temple
  5289 | Temple   | Became a worshipper of Warmaster Okawaru
  5875 | D:5      | Reached XP level 9. HP: 71/71 MP: 9/9
  6092 | D:6      | Reached skill level 8 in Long Blades
  6213 | D:6      | Reached * piety under Okawaru
  6219 | D:6      | Found a glowing drain.
  6228 | Sewer    | Entered a sewer
  6302 | Sewer    | Noticed Purgy
  6318 | Sewer    | Killed Purgy
  6496 | D:6      | Identified a scroll of acquirement
  6631 | D:6      | Noticed Duvessa
  6632 | D:6      | Noticed Dowan
  6649 | D:6      | Killed Duvessa
  6667 | D:6      | Killed Dowan
  6854 | D:6      | Reached skill level 9 in Long Blades
  7125 | D:7      | Found an opulent altar of Gozag.
  7125 | D:7      | Found a shadowy altar of Dithmenos.
  7197 | D:7      | Reached ** piety under Okawaru
  7371 | D:7      | Noticed an oklob plant
  7388 | D:7      | Reached XP level 10. HP: 76/78 MP: 10/10
  8002 | D:8      | Reached skill level 10 in Long Blades
  8040 | D:8      | Found a sacrificial altar of Ru.
  8362 | D:8      | Noticed Grum
  8366 | D:8      | Reached skill level 1 in Invocations
  8382 | D:8      | Killed Grum
  8382 | D:8      | Reached *** piety under Okawaru
  8459 | D:8      | Noticed Erica
  8472 | D:8      | Killed Erica
  8767 | D:8      | Reached **** piety under Okawaru
  9080 | D:8      | Reached skill level 11 in Long Blades
  9080 | D:8      | Reached XP level 11. HP: 59/89 MP: 13/13
  9340 | D:8      | Noticed Maurice
  9347 | D:8      | Killed Maurice
  9347 | D:8      | Reached skill level 10 in Shields
  9569 | D:9      | Found a staircase to the Orcish Mines.
  9591 | D:9      | Received a gift from Okawaru
  9630 | D:9      | Found a staircase to the Lair.
  9795 | D:9      | Found a blossoming altar of Fedhas.
 10155 | D:10     | Entered Level 10 of the Dungeon
 10166 | D:10     | Noticed Erolcha
 10166 | D:10     | Noticed Joseph
 10174 | D:10     | Killed Joseph
 10180 | D:10     | Killed Erolcha
 10180 | D:10     | Reached skill level 5 in Invocations
 10302 | D:10     | Noticed Psyche
 10313 | D:10     | Killed Psyche
 10313 | D:10     | Reached ***** piety under Okawaru
 10826 | Lair:1   | Entered Level 1 of the Lair of Beasts
 10832 | Lair:1   | Reached skill level 12 in Long Blades
 11073 | Lair:1   | Reached skill level 10 in Fighting
 11330 | Lair:1   | Noticed a five-headed hydra
 11339 | Lair:1   | Killed a two-headed hydra
 11339 | Lair:1   | Received a gift from Okawaru
 11342 | Lair:1   | Got an encrusted plate armour {god gift}
 11353 | Lair:1   | Identified the +1 plate armour of Veve Huj {rPois MR- Int-5 Stlth+} (Okawaru gifted it to you on level 1 of the Lair of Beasts)
 11525 | Lair:1   | Reached XP level 12. HP: 93/97 MP: 16/16
 12273 | Lair:2   | Noticed a four-headed hydra
 12280 | Lair:2   | Killed a one-headed hydra
 12829 | Lair:2   | Found a staircase to the Snake Pit.
 12837 | Lair:2   | Noticed Nergalle
 12838 | Lair:2   | Noticed a catoblepas
 12867 | Lair:2   | Killed a catoblepas
 12867 | Lair:2   | Reached skill level 13 in Long Blades
 12875 | Lair:2   | Killed Nergalle
 13487 | Lair:3   | Found a staircase to the Shoals.
 13509 | Lair:3   | Reached XP level 13. HP: 106/106 MP: 17/19
 13635 | Lair:3   | Noticed a fire dragon
 13656 | Lair:3   | HP: 5/106 [fire dragon/blast of flame (46)]
 13660 | Lair:3   | Killed a fire dragon
 14210 | Lair:3   | Noticed a six-headed hydra
 14219 | Lair:3   | Killed a two-headed hydra
 14556 | Lair:3   | Got a transparent chain mail
 14652 | Lair:4   | Noticed a five-headed hydra
 14659 | Lair:4   | Killed a one-headed hydra
 14659 | Lair:4   | Reached skill level 14 in Long Blades
 15096 | Lair:4   | Received a gift from Okawaru
 16127 | Lair:5   | Found a frozen archway.
 16141 | IceCv    | Entered an ice cave
 17081 | IceCv    | Found an ancient bone altar of Kikubaaqudgha.
 17104 | IceCv    | Reached XP level 14. HP: 34/115 MP: 19/21
 18762 | Lair:6   | Entered Level 6 of the Lair of Beasts
 19088 | Lair:6   | Reached skill level 10 in Invocations
 19091 | Lair:6   | Reached skill level 15 in Long Blades
 19104 | Lair:6   | Received a gift from Okawaru
 19510 | Lair:6   | Found a staircase to the Slime Pits.
 19844 | Lair:6   | Noticed a dire elephant
 19865 | Lair:6   | Killed a dire elephant
 20534 | Lair:6   | Found a burning altar of Makhleb.
 20603 | Lair:6   | Found a gateway to Hell.
 21236 | Orc:1    | Entered Level 1 of the Orcish Mines
 21247 | Orc:1    | Identified the cursed +1 chain mail of Parecw {Regen+} (You found it on level 3 of the Lair of Beasts)
 21347 | Orc:2    | Entered Level 2 of the Orcish Mines
 21511 | Orc:2    | Reached XP level 15. HP: 97/123 MP: 17/23
 21558 | Orc:2    | Noticed Saint Roka
 21608 | Orc:2    | Killed Saint Roka
 21608 | Orc:2    | Received a gift from Okawaru
 21608 | Orc:2    | Reached skill level 16 in Long Blades
 21692 | Orc:2    | Found a roughly hewn altar of Beogh.
 21758 | Orc:2    | Found a staircase to the Elven Halls.
 21794 | Orc:2    | Noticed an orc warlord
 21867 | Orc:2    | Killed an orc warlord
 22430 | Orc:2    | Found Vikahiwe's Antique Armour Shoppe.
 22431 | Orc:2    | Found Tacseor's Antique Weapon Emporium.
 22432 | Orc:2    | Found Erchy's General Store.
 22432 | Orc:2    | Found Busiu's Book Shoppe.
 22436 | Orc:2    | Bought a scroll of identify for 22 gold pieces
 22436 | Orc:2    | Bought a scroll of identify for 22 gold pieces
 22656 | Orc:2    | Reached skill level 15 in Shields
 22869 | Orc:2    | Bought a translucent plate armour for 952 gold pieces
 22881 | Orc:2    | Identified the cursed +1 plate armour of the Shining Light {rPois Int+2 Dex+4} (You bought it in a shop on level 2 of the Orcish Mines)
 23361 | D:11     | Noticed Urug
 23376 | D:11     | Killed Urug
 23870 | D:11     | Noticed Fannar
 23885 | D:11     | Killed Fannar
 24313 | D:12     | Reached skill level 1 in Dodging
 24370 | D:12     | Received a gift from Okawaru
 24398 | D:12     | Noticed Azrael
 24424 | D:12     | Killed Azrael
 25193 | D:13     | Found a labyrinth entrance.
 25224 | D:13     | Reached skill level 17 in Long Blades
 25224 | D:13     | Reached XP level 16. HP: 68/132 MP: 13/25
 25236 | Lab      | Entered a labyrinth
 25755 | Lab      | Identified the Incunabulum of Confrontation
 25755 | Lab      | Identified the Papyrus of Summoning
 25781 | Lab      | Got a dazzling ring mail
 25794 | Lab      | Identified the +0 ring mail of Masochism {Slay+2} (You found it in a labyrinth)
 25859 | D:13     | Found Xisatocu's Antique Armour Boutique.
 25961 | D:13     | Found Pocupp's Antique Armour Shop.
 26038 | D:13     | Noticed Kirke
 26049 | D:13     | Noticed Frances
 26063 | D:13     | Killed Kirke
 26447 | D:13     | Killed Frances
 26500 | D:13     | Found Sewkymme's Antique Weapon Emporium.
 26508 | D:13     | Found Wynaez's Weapon Shop.
 26584 | D:13     | Found Fashreu's Food Emporium.
 26760 | D:14     | Reached skill level 5 in Armour
 26772 | D:14     | Noticed Louise
 26777 | D:14     | Killed Louise
 27463 | D:14     | Reached ****** piety under Okawaru
 27527 | D:14     | Found a gate to the Vaults.
 27549 | D:14     | Received a gift from Okawaru
 27602 | D:15     | Entered Level 15 of the Dungeon
 28335 | D:15     | Found a staircase to the Depths.
 28598 | Elf:1    | Entered Level 1 of the Elven Halls
 28729 | Elf:1    | Reached XP level 17. HP: 118/140 MP: 21/26
 28887 | Elf:1    | Reached skill level 18 in Long Blades
 29056 | Elf:1    | Noticed a Hell Sentinel
 29069 | Elf:1    | Killed from afar by a deep elf mage

Vault maps used:
D:1:      minmay_arrival_four_circles
D:2:      minmay_ruptured
D:3:      overflow_temple_1_default, grunt_ministairs_14,
          hangedman_decor_diamond_cutter
D:4:      enter_ossuary_3
D:5:      first_bread, kennysheep_diamond, uniq_grinder
D:6:      gup_sewer_entry_bowl, uniq_duvessa
D:7:      lemuel_slime, gammafunk_temple_overflow_pools
D:8:      lemuel_round_altar, blue_anna_alchemist, uniq_maurice, uniq_erica,
          uniq_grum
D:9:      kennysheep_little_box, david_lair_shrubbed, orc_0_dummy, serial_ice,
          serial_ice_f, serial_ice_n, serial_ice_e, serial_ice_m, serial_ice_b,
          serial_ice_d
D:10:     lemuel_another_geyser, uniq_erolcha, uniq_psyche, uniq_joseph
D:11:     uniq_urug, uniq_fannar
D:12:     uniq_azrael
D:13:     lab_entry_generic, serial_shops, shop_statue, shop,
          nicolae_shop_behind_doors, nicolae_shop_trees, shop, uniq_frances,
          uniq_kirke
D:14:     grunt_vaults_entry_tiered, serial_park_square1, uniq_louise
D:15:     grunt_enter_depths_magical_seal, minmay_misc_feat_room,
          grunt_decor_resistance
Temple:   eino_temple_rhombus
Lair:2:   minmay_snake_entry_spellcaster, uniq_nergalle
Lair:3:   dragon1_lemuel, elwin_shoals_entry_rooms
Lair:5:   portal_ice_cave_rime, grunt_megastairs_4, infiniplex_staircase_pool_2
Lair:6:   evil_forest, minmay_slime_entry_pillars
Orc:1:    serial_shops, shop, uniq_snorg
Orc:2:    st_orc_congregation, mines1_david, uniq_saint_roka
Elf:1:    kennysheep_spiral_hall, minmay_elf_demonology, st_stairs_3
Lab:      labyrinth_skeletal_remains, nicolae_lab_do_over, nicolae_lab_lava,
          lab_hedge, nicolae_lab_hexagon, nicolae_lab_dead_end
Sewer:    kennysheep_door_sewer
Ossuary:  ossuary_tomb_1
IceCv:    ice_cave_small_necro

Skill      XL: |  1  2  3  4  5  6  7  8  9 10 11 12 13 14 15 16 17 |
---------------+----------------------------------------------------+-----
Shields        | 4 5 6 7 8 9 10 11 12 13 15 | 15.1
Long Blades    | 3 4 5 6 7 9 11 12 13 14 15 17 18 | 18.0
Fighting       | 4 5 6 7 9 10 11 12 13 14 | 14.5
Invocations    | 3 6 8 9 11 12 13 | 13.2
Dodging        | 2 4 |  4.8
Armour         | 4 6 |  6.7

Action                   |  1- 3 |  4- 6 |  7- 9 | 10-12 | 13-15 | 16-18 || total
-------------------------+-------+-------+-------+-------+-------+-------++-------
Melee: Long sword        |   113 |   261 |    41 |       |       |       ||   415
       Falchion          |       |       |   367 |       |       |       ||   367
       Great sword       |       |       |   114 |   563 |  1255 |   478 ||  2410
       Scimitar          |       |       |       |    11 |    27 |       ||    38
Invok: Heroism           |       |       |       |     3 |    19 |     5 ||    27
       Finesse           |       |       |       |     1 |     5 |       ||     6
 Abil: Dig               |       |     3 |    11 |    16 |    19 |    29 ||    78
  Use: Potion            |       |     3 |     1 |     1 |       |       ||     5
       Scroll            |       |     5 |     5 |    12 |    10 |     5 ||    37
 Stab: Distracted        |       |       |       |       |     2 |       ||     2
  Eat: Chunk             |       |     7 |     7 |    15 |    34 |    15 ||    78
       Beef jerky        |       |       |     1 |       |       |       ||     1
       Pizza             |       |       |     1 |     1 |       |       ||     2
       Fruit             |       |       |     3 |     3 |     1 |       ||     7
       Bread ration      |       |       |     1 |     1 |     1 |       ||     3
       Royal jelly       |       |       |       |       |     1 |       ||     1
Armor: Scale mail        |    40 |    97 |   149 |   123 |       |       ||   409
       Plate armour      |       |       |       |    86 |   323 |   146 ||   555
       Chain mail        |       |       |       |       |    76 |       ||    76
Dodge: Dodged            |    50 |    95 |   134 |   161 |   241 |   115 ||   796
Block: Shield            |    54 |   109 |   236 |   350 |   781 |   287 ||  1817
       Rpst.: Long sword |    14 |    29 |     2 |       |       |       ||    45
       Falchion          |       |       |    29 |       |       |       ||    29
       Great sword       |       |       |    10 |    56 |    70 |    32 ||   168
       Scimitar          |       |       |       |       |     2 |       ||     2
